 Dungeon Sprint DCSS version 0.28.0 (webtiles) character file.

Game seed: 18316981549284247730

4 rocky1 the Shield-Bearer (level 1, -5/18 HPs)
             Began as a Demonspawn Fighter on Feb 10, 2022.
             Slain by a human (6 damage)
             ... in the Dungeon (Sprint III: "The Ten Rune Challenge").
             The game lasted 00:00:39 (120 turns).

rocky1 the Shield-Bearer (Demonspawn Fighter)        Turns: 120, Time: 00:00:40

Health: -5/18      AC:  6    Str: 16    XL:     1   Next: 50%
Magic:  1/1        EV:  8    Int:  9    God:
Gold:   0          SH:  4    Dex: 12    Spells: 0/0 levels left

rFire   . . .      SeeInvis .   a - +0 long sword
rCold   . . .      Faith    .   c - +0 buckler
rNeg    . . .      Spirit   .   b - +0 scale mail
rPois   .          Reflect  .   (no helmet)
rElec   .          Harm     .   (no cloak)
rCorr   .          Rampage  .   (no gloves)
Will    .....      NoTele   +   (no boots)
Stlth   ..........              (no amulet)
HPRegen 0.06/turn               (no ring)
MPRegen 0.07/turn               (no ring)

@: no status effects
A: no striking features
a: no special abilities


You were in the Dungeon.
You visited 1 branch

Inventory:

Hand Weapons
 a - a +0 long sword (weapon)
Armour
 b - a +0 scale mail (worn)
 c - a +0 buckler (worn)
Scrolls
 j - a scroll of blinking
 k - a scroll of identify {unknown}
Potions
 d - a potion of might
 e - a potion of curing
 g - a potion of haste
 h - 2 potions of magic
 i - a potion of berserk rage


   Skills:
 - Level 3.0 Fighting
 + Level 2.6 Long Blades
 - Level 2.6 Armour
 + Level 3.3 Shields


You couldn't memorise any spells.
You didn't know any spells.
Your spell library contained the following spells:

 Spells                   Type           Power      Damage    Failure   Level
 Tukima's Dance           Hex            0%         N/A       99%         3
 Anguish                  Hex/Necr       0%         N/A       100%        4
 Enfeeble                 Hex            0%         N/A       100%        7


Dungeon Overview and Level Annotations

Branches:
Dungeon (1/1)

Altars:


Message History

A human comes into view.
The human shouts!
You block the human's attack.
You hit the human.
The human is lightly wounded.
The human hits you! You block the human's attack.
You closely miss the human.
The human is lightly wounded.
The human barely misses you.
You barely miss the human.
The human is lightly wounded.
The human barely misses you.
You barely miss the human.
The human is lightly wounded.
The human closely misses you. The human hits you!
* * * LOW HITPOINT WARNING * * *
You feel much better. The human hits you.
You slash the human!
The human is moderately wounded.
The human barely misses you.
You hit the human.
The human is moderately wounded.
The human hits you.
You hit the human.
The human is heavily wounded.
The human hits you. The human closely misses you.
You hit the human but do no damage.
The human is heavily wounded.
The human hits you.
* * * LOW HITPOINT WARNING * * *
You completely miss the human.
The human is heavily wounded.
The human misses you.
You closely miss the human.
The human is heavily wounded.
The human hits you but does no damage. The human barely misses you.
You barely miss the human.
The human is heavily wounded.
The human hits you.
You die...

▓...#......##
▓..##.......#
▓##.##.##...# .#
##.##.###..# ..#
▓#.####.##..# ...+
▓.###..##.†##
#p..# ▓#.....##..#
#....#
###..##...##.....#
##..##...@#......#
#..###..##p# #..#
#.. ### ▓▓▓▓ ▓▓▓


You could see a human.

Vanquished Creatures
  2 endoplasms (D)
  2 rats (D)
4 creatures vanquished.

Notes
Turn   | Place    | Note
-------+----------+-------------------------------------------
     0 | D        | rocky1 the Demonspawn Fighter began the quest for the Orb.
     0 | D        | Reached XP level 1. HP: 18/18 MP: 1/1
   120 | D        | Slain by a human

Illustrated notes

Levels and vault maps discovered:
D:        dungeon_sprint_mu [sprint_mu_entry_cave, sprint_mu_temple_rooms,
          sprint_mu_d1_spiders, sprint_mu_d2_genie, sprint_mu_d3_branching,
          sprint_mu_orc_legion, sprint_mu_elf_gauntlet, sprint_mu_hive_nellie,
          sprint_mu_lair_fedhas, sprint_mu_vaults_butterflies,
          sprint_mu_slime_circle, sprint_mu_shoals_archi,
          sprint_mu_snake_twists, sprint_mu_blade_basic,
          sprint_mu_crypt_fortress, sprint_mu_tomb_spiral,
          sprint_mu_vestibule_basic, sprint_mu_gehenna_hellfire,
          sprint_mu_dis_giant, sprint_mu_tartarus_statrot,
          sprint_mu_cocytus_islands, sprint_mu_zot1]

Skill      XL: |  1 |
---------------+----+-----
Long Blades    | 2 |  2.6
Shields        | 3 |  3.3
Fighting       | |  3.0
Armour         | |  2.6

Action                   || total
-------------------------++-------
Melee: Long sword        ||    19
  Use: Potion            ||     1
Armor: Scale mail        ||     3
Dodge: Dodged            ||     9
Block: Buckler           ||     4
